Workbook
Name Exp: #REF!
Name Nal: #REF!
Name presupuesto: #REF!
Name real: #REF!

Sheet Calif y Grad de Crédito
B2: AGROSILICIUM MEJISULFATOS S.A.S. en proceso de negociación de emergencia
B3: Nit: 890.926.985 - 3
B4: Con corte a Octurbre 31 de 2024
B5: CALIFICACIÓN Y GRADUACIÓN DE CRÉDITOS
B6: CREDITOS DE PRIMERA CLASE
B7: Pertenencen a la PRIMERA CLASE DE CREDITOS, de conformidad en lo dispuesto en el articulo
B8: 2495 del Codigo Civil.
B10: NOMBRE O RAZON SOCIAL | C10: IDENTIFICACION | D10: DIRECCION | E10: CIUDAD | F10: TIPO DE OBLIGACION | G10: N° OBLIGACION | H10: FECHA DE VENCIMIENTO DE LA OBLIGACION | I10: FECHA DE CORTE DE LA OBLIGACION | J10: CAPITAL
B11: ACEVEDO CANO ANDRES EMILIO | C11: 71420447 | D11: CR 6A 10 97 | E11: Medellín | F11: PAGOS LABORALES | G11: 001-CFC-00000017-00 | H11: 44985 | I11: 45133 | J11: 2268639
B12: ALMEIDA RONDON JUAN PABLO | C12: 91183654 | D12: VEREDA EL CEDRO | E12: Angelópolis | F12: PAGOS LABORALES | G12: 001-CFC-00000017-00 | H12: 44985 | I12: 45133 | J12: 1325696
B13: ALVAREZ ARANGO JORGE ANDRES | C13: 70853588 | D13: CALLE 74 #31-89 INT 201 | E13: Medellín | F13: PAGOS LABORALES | G13: 001-CFC-00000017-00 | H13: 44985 | I13: 45133 | J13: 2584617
B14: AMARILES ROLDAN EGIDIO DE JESUS | C14: 8010751 | D14: CR 45 54-13 | E14: Itagüí | F14: PAGOS LABORALES | G14: 001-CFC-00000017-00 | H14: 44985 | I14: 45133 | J14: 2260089
B15: ARBOLEDA COLORADO YONY ARLEY | C15: 1015276497 | D15: VEREDA EL BARRO | E15: Angelópolis | F15: PAGOS LABORALES | G15: 001-CFC-00000017-00 | H15: 44985 | I15: 45133 | J15: 1792330
B16: ARBOLEDA ZAPATA ROBIRIO DE JESUS | C16: 98528163 | D16: CL 36 66 B-97 | E16: Itagüí | F16: PAGOS LABORALES | G16: 001-CFC-00000017-00 | H16: 44985 | I16: 45133 | J16: 1748785
B17: ARIAS AGUDELO NORBEY | C17: 16055278 | D17: CALLE 46 #35C 23 | E17: Manizales | F17: PAGOS LABORALES | G17: 001-NQ-00000380-00 | H17: 44895 | I17: 45133 | J17: 2516007
B18: ARIAS AGUDELO NORBEY | C18: 16055278 | D18: CALLE 46 #35C 23 | E18: Manizales | F18: PAGOS LABORALES | G18: 001-NQ-00000384-00 | H18: 44926 | I18: 45133 | J18: 1126951
B19: ARIAS AGUDELO NORBEY | C19: 16055278 | D19: CALLE 46 #35C 23 | E19: Manizales | F19: PAGOS LABORALES | G19: 001-NQ-00000391-00 | H19: 44972 | I19: 45133 | J19: 1340464
B20: ARIAS AGUDELO NORBEY | C20: 16055278 | D20: CALLE 46 #35C 23 | E20: Manizales | F20: PAGOS LABORALES | G20: 001-NQ-00000393-00 | H20: 44985 | I20: 45133 | J20: 982914
B21: ARROYAVE SUAZA CARLOS MARIO | C21: 71141288 | D21: VEREDA SANTA BARBARA | E21: Angelópolis | F21: PAGOS LABORALES | G21: 001-CFC-00000017-00 | H21: 44985 | I21: 45133 | J21: 1391668
B22: AVELLANEDA JAIME YEFER ALEXANDER | C22: 11257388 | D22: CR 9 NTE 9 60 BLOQUE 10 APTO. 301 | E22: Manizales | F22: PAGOS LABORALES | G22: 001-NQ-00000380-00 | H22: 44895 | I22: 45133 | J22: 4356850
... B106: ZAPATA ZAPATA CARLOS MARIO | C106: 3455865 | D106: MARIA AUXILIADORA ANGELOPOLIS | E106: Angelópolis | F106: PAGOS LABORALES | G106: 001-CFC-00000017-00 | H106: 44985 | I106: 45133 | J106: 1669778
B107: TOTAL CREDITOS LABORALES | J107: =SUM(J11:J106) -> 343782956
B109: CREDITOS FISCALES
B110: Direccion de Impuestos y Aduanas Nacionales | C110: 800197384 | D110: Cr 52 No. 42 43 | E110: Medellin | F110: Impuestos | G110: 3505616466790 | H110: 44348 | I110: 45133 | J110: 13531000
B111: GOBERNACION DE ANTIOQUIA | F111: Impuesto vehicular | I111: 45133 | J111: 751000
B112: GOBERNACION DE ANTIOQUIA | F112: Sistematizacion | I112: 45133 | J112: 63350
B113: Municipio de Angelopolis | C113: 890981493 | D113: Cl 10 9 61 Alcaldía Municipio de Angelópolis | E113: Angelópolis | F113: Impuestos | G113: Ret Bim 3 2022 | H113: 44762 | I113: 45133 | J113: 3295000
B114: Municipio de Angelopolis | C114: 890981493 | D114: Cl 10 9 61 Alcaldía Municipio de Angelópolis | E114: Angelópolis | F114: Impuestos | G114: Ret Bim 4 2022 | H114: 44824 | I114: 45133 | J114: 2502000
B115: Municipio de Angelopolis | C115: 890981493 | D115: Cl 10 9 61 Alcaldía Municipio de Angelópolis | E115: Angelópolis | F115: Impuestos | G115: Ret Bim 5 2022 | H115: 44885 | I115: 45133 | J115: 2369000
B116: Municipio de Angelopolis | C116: 890981493 | D116: Cl 10 9 61 Alcaldía Municipio de Angelópolis | E116: Angelópolis | F116: Impuestos | G116: Ret Bim 6 2022 | H116: 44946 | I116: 45133 | J116: 3413000
B117: Municipio de Angelopolis | C117: 890981493 | D117: Cl 10 9 61 Alcaldía Municipio de Angelópolis | E117: Angelópolis | F117: Impuestos | G117: ICA 2022 | I117: 45133 | J117: 56797563
B118: TOTAL CREDITOS FISCALES | J118: =SUM(J110:J117) -> 82721913
B119: TOTAL CREDITOS PRIMERA CLASE | J119: =J118+J107 -> 426504869
B121: CREDITOS DE SEGUNDA CLASE
B122: Pertenecientes a la SEGUNDA CLASE DE CREDITOS de conformidad en lo dispuesto en el articulo
B123: 2497 del Codigo Civil.
B125: NOMBRE O RAZON SOCIAL | C125: IDENTIFICACION | D125: DIRECCION | E125: CIUDAD | F125: TIPO DE OBLIGACION | G125: N° OBLIGACION | H125: FECHA DE VENCIMIENTO DE LA OBLIGACION | I125: FECHA DE CORTE DE LA OBLIGACION | J125: CAPITAL
B126: ALIANZA FIDUCIARIA SA FIDEICOMISOS | C126: 830053812 | D126: CR 15 100 43 | E126: Bogotá, D.C. | F126: Hipotecario | G126: 215 | H126: 45011 | I126: 45133 | J126: 180000000
B127: ALIANZA FIDUCIARIA SA FIDEICOMISOS | C127: 830053812 | D127: CR 15 100 43 | E127: Bogotá, D.C. | F127: Hipotecario | G127: 216 | H127: 45000 | I127: 45133 | J127: 7535774838
B128: ALIANZA FIDUCIARIA SA FIDEICOMISOS | C128: 830053812 | D128: CR 15 100 43 | E128: Bogotá, D.C. | F128: Hipotecario | G128: 220 | H128: 45014 | I128: 45133 | J128: 500000000
B129: ALIANZA FIDUCIARIA SA FIDEICOMISOS | C129: 830053812 | D129: CR 15 100 43 | E129: Bogotá, D.C. | F129: Hipotecario | G129: 221 | H129: 44953 | I129: 45133 | J129: 72000000
B130: ALIANZA FIDUCIARIA SA FIDEICOMISOS | C130: 830053812 | D130: CR 15 100 43 | E130: Bogotá, D.C. | F130: Hipotecario | G130: 223 | H130: 45011 | I130: 45133 | J130: 75000000
B131: ALIANZA FIDUCIARIA SA FIDEICOMISOS | C131: 830053812 | D131: CR 15 100 43 | E131: Bogotá, D.C. | F131: Hipotecario | G131: 224 | H131: 45016 | I131: 45133 | J131: 95000000
B132: ALIANZA FIDUCIARIA SA FIDEICOMISOS | C132: 830053812 | D132: CR 15 100 43 | E132: Bogotá, D.C. | F132: Hipotecario | G132: 225 | H132: 45013 | I132: 45133 | J132: 90000000
B133: ALIANZA FIDUCIARIA SA FIDEICOMISOS | C133: 830053812 | D133: CR 15 100 43 | E133: Bogotá, D.C. | F133: Hipotecario | G133: 226 | H133: 44998 | I133: 45133 | J133: 349006475
B134: ALIANZA FIDUCIARIA SA FIDEICOMISOS | C134: 830053812 | D134: CR 15 100 43 | E134: Bogotá, D.C. | F134: Hipotecario | G134: 227 | H134: 44999 | I134: 45133 | J134: 380000000
B135: ALIANZA FIDUCIARIA SA FIDEICOMISOS | C135: 830053812 | D135: CR 15 100 43 | E135: Bogotá, D.C. | F135: Hipotecario | G135: 228 | H135: 45003 | I135: 45133 | J135: 535987050
B136: ALIANZA FIDUCIARIA SA FIDEICOMISOS | C136: 830053812 | D136: CR 15 100 43 | E136: Bogotá, D.C. | F136: Hipotecario | G136: 229 | H136: 45006 | I136: 45133 | J136: 1342068
B137: ALIANZA FIDUCIARIA SA FIDEICOMISOS | C137: 830053812 | D137: CR 15 100 43 | E137: Bogotá, D.C. | F137: Hipotecario | G137: 230 | H137: 45010 | I137: 45133 | J137: 240000000
... B264: JIVESA S.A.S. | C264: 811040577 | D264: CR 43 A 1 50 TORRE 3 OFIC 403 SAN FERNAN | E264: Medellín | F264: Prenda | G264: 001-MAUR-00001668-00 | H264: 44973 | I264: 45133 | J264: 3378375
B265: TOTAL SEGUNDA CLASE | J265: =SUM(J126:J264) -> 2.8220245e+10
B267: CREDITOS CUARTA CLASE
B268: Pertenecientes a la CUARTA CLASE DE CREDITOS de conformidad en lo dispuesto en el articulo
B269: 2502 del Codigo Civil.
B271: NOMBRE O RAZON SOCIAL | C271: IDENTIFICACION | D271: DIRECCION | E271: CIUDAD | F271: TIPO DE OBLIGACION | G271: N° OBLIGACION | H271: FECHA DE VENCIMIENTO DE LA OBLIGACION | I271: FECHA DE CORTE DE LA OBLIGACION | J271: CAPITAL
B272: A Y T ARENAS Y TRITURADOS S.A.S | C272: 901023744 | D272: FCA LOS BUILES VDA HATOVIEJO | E272: Bello | F272: PROVEEDORES NACIONALES | G272: 001-AYT-00000095-00 | H272: 44872 | I272: 45133 | J272: 2923150
B273: A Y T ARENAS Y TRITURADOS S.A.S | C273: 901023744 | D273: FCA LOS BUILES VDA HATOVIEJO | E273: Bello | F273: PROVEEDORES NACIONALES | G273: 001-AYT-00000096-00 | H273: 44872 | I273: 45133 | J273: 66052000
B274: A Y T ARENAS Y TRITURADOS S.A.S | C274: 901023744 | D274: FCA LOS BUILES VDA HATOVIEJO | E274: Bello | F274: PROVEEDORES NACIONALES | G274: 001-AYT-00000099-00 | H274: 44910 | I274: 45133 | J274: 13175120
B275: A Y T ARENAS Y TRITURADOS S.A.S | C275: 901023744 | D275: FCA LOS BUILES VDA HATOVIEJO | E275: Bello | F275: PROVEEDORES NACIONALES | G275: 001-AYT-00000100-00 | H275: 44910 | I275: 45133 | J275: 15072400
B276: A Y T ARENAS Y TRITURADOS S.A.S | C276: 901023744 | D276: FCA LOS BUILES VDA HATOVIEJO | E276: Bello | F276: PROVEEDORES NACIONALES | G276: 001-AYT-00000116-00 | H276: 44973 | I276: 45133 | J276: 3038808.5
B277: AGENCIA DE ADUANA BMA S.A.S. NIVEL 2 | C277: 900191610 | D277: CARRERA 106 #15A 25 MZ8 | E277: Bogotá, D.C. | F277: SERVICIOS ADUANEROS | G277: 001-BTA-00026045-00 | H277: 44922 | I277: 45133 | J277: 2541787
B278: AGENCIA DE ADUANA BMA S.A.S. NIVEL 2 | C278: 900191610 | D278: CARRERA 106 #15A 25 MZ8 | E278: Bogotá, D.C. | F278: SERVICIOS ADUANEROS | G278: 001-BTA-00026056-00 | H278: 44922 | I278: 45133 | J278: 3600591
B279: AGENCIA DE ADUANA BMA S.A.S. NIVEL 2 | C279: 900191610 | D279: CARRERA 106 #15A 25 MZ8 | E279: Bogotá, D.C. | F279: SERVICIOS ADUANEROS | G279: 001-BTA-00026062-00 | H279: 44922 | I279: 45133 | J279: 10988520
B280: AGENCIA DE ADUANA BMA S.A.S. NIVEL 2 | C280: 900191610 | D280: CARRERA 106 #15A 25 MZ8 | E280: Bogotá, D.C. | F280: SERVICIOS ADUANEROS | G280: 001-BTA-00026063-00 | H280: 44922 | I280: 45133 | J280: 10801773
B281: AGENCIA DE ADUANA BMA S.A.S. NIVEL 2 | C281: 900191610 | D281: CARRERA 106 #15A 25 MZ8 | E281: Bogotá, D.C. | F281: SERVICIOS ADUANEROS | G281: 001-BTA-00026064-00 | H281: 44922 | I281: 45133 | J281: 11305361
B282: AGENCIA DE ADUANA BMA S.A.S. NIVEL 2 | C282: 900191610 | D282: CARRERA 106 #15A 25 MZ8 | E282: Bogotá, D.C. | F282: SERVICIOS ADUANEROS | G282: 001-BTA-00026947-00 | H282: 44922 | I282: 45133 | J282: 20434809
B283: AGENCIA DE ADUANA BMA S.A.S. NIVEL 2 | C283: 900191610 | D283: CARRERA 106 #15A 25 MZ8 | E283: Bogotá, D.C. | F283: SERVICIOS ADUANEROS | G283: 001--00005830-00 | H283: 44926 | I283: 45133 | J283: 314839
... B404: NEXUS LOGISTICS SAS | C404: 830127962 | D404: CR 9 81 A 26 OF 403 | E404: Bogotá, D.C. | F404: PROVEEDORES NACIONALES | G404: 001-FE-00003764-00 | H404: 45044 | I404: 45133 | J404: 24595660
B405: TOTAL CUARTA CLASE | J405: =SUM(J272:J404) -> 2.6455434e+09
B407: CREDITOS QUINTA CLASE CLASE
B408: Pertenecientes a la CUARTA CLASE DE CREDITOS de conformidad en lo dispuesto en el articulo
B409: 2509 del Codigo Civil.
B410: NOMBRE O RAZON SOCIAL | C410: IDENTIFICACION | D410: DIRECCION | E410: CIUDAD | F410: TIPO DE OBLIGACION | G410: N° OBLIGACION | H410: FECHA DE VENCIMIENTO DE LA OBLIGACION | I410: FECHA DE CORTE DE LA OBLIGACION | J410: CAPITAL
B411: 3E INVESTMENTS S.A.S | C411: 900703637 | D411: CARRERA 25A 1-31 OF. 1003 | E411: Medellín | F411: COMISIONES | G411: 001--00001036-00 | H411: 43831 | I411: 45133 | J411: 35828863
B412: ABOGACIA S.A.S | C412: 901019327 | D412: CALLE 29B # 56 - 3 | E412: Medellín | F412: OTROS GASTOS | G412: 001-FE-00001103-00 | H412: 44995 | I412: 45133 | J412: 5257500
B413: ACCION CAUCA S.A.S | C413: 805022756 | D413: Calle 26 Norte 5N-39 | E413: Medellín | F413: OTROS GASTOS | G413: 001-ESQ-00013538-00 | H413: 44850 | I413: 45133 | J413: 860407
B414: ACCION CAUCA S.A.S | C414: 805022756 | D414: Calle 26 Norte 5N-39 | E414: Medellín | F414: OTROS GASTOS | G414: 001-ESQ-00013763-00 | H414: 44866 | I414: 45133 | J414: 860407
B415: ACCION CAUCA S.A.S | C415: 805022756 | D415: Calle 26 Norte 5N-39 | E415: Medellín | F415: OTROS GASTOS | G415: 001-ESQ-00014211-00 | H415: 44895 | I415: 45133 | J415: 887256.65
B416: ACCION CAUCA S.A.S | C416: 805022756 | D416: Calle 26 Norte 5N-39 | E416: Medellín | F416: OTROS GASTOS | G416: 001-ESQ-00014420-00 | H416: 44909 | I416: 45133 | J416: 1159552.4
B417: ACCION CAUCA S.A.S | C417: 805022756 | D417: Calle 26 Norte 5N-39 | E417: Medellín | F417: OTROS GASTOS | G417: 001-ESQ-00014665-00 | H417: 44923 | I417: 45133 | J417: 860407
B418: ACCION CAUCA S.A.S | C418: 805022756 | D418: Calle 26 Norte 5N-39 | E418: Medellín | F418: OTROS GASTOS | G418: 001-ESQ-00014895-00 | H418: 44942 | I418: 45133 | J418: 860375
B419: ACCION CAUCA S.A.S | C419: 805022756 | D419: Calle 26 Norte 5N-39 | E419: Medellín | F419: OTROS GASTOS | G419: 001-ESQ-00015143-00 | H419: 44956 | I419: 45133 | J419: 805289.01
B420: ACCION CAUCA S.A.S | C420: 805022756 | D420: Calle 26 Norte 5N-39 | E420: Medellín | F420: OTROS GASTOS | G420: 001-ESQ-00015422-00 | H420: 44973 | I420: 45133 | J420: 860407
B421: ACCION CAUCA S.A.S | C421: 805022756 | D421: Calle 26 Norte 5N-39 | E421: Medellín | F421: OTROS GASTOS | G421: 001-ESQ-00015522-00 | H421: 44978 | I421: 45133 | J421: 378507
B422: ACCION CAUCA S.A.S | C422: 805022756 | D422: Calle 26 Norte 5N-39 | E422: Medellín | F422: OTROS GASTOS | G422: 001-ESQ-00013936-00-00000000-00 | H422: 44922 | I422: 45133 | J422: 1169377.1
... B676: DERCO COLOMBIA S.A.S. | C676: 900327290 | D676: CR 7 KM 18 VIA CHIA | E676: Bogotá, D.C. | F676: OTROS GASTOS | G676: 001-F-00001934-00 | H676: 45008 | I676: 45133 | J676: 13089998
B677: Direccion de Impuestos y Aduanas Nacionales | C677: 800197384 | D677: Cr 52 No. 42 43 | E677: Medellin | F677: Sanciones | H677: 44378 | I677: 45133 | J677: 8152910
B678: DIRECCIONES HIDRAULICAS EL BUFALO SAS | C678: 901353584 | D678: CR 51 D 71 86 | E678: Medellín | F678: SERVICIOS DE MANTENIMIENTO | G678: 001-FE-00003765-00 | H678: 44460 | I678: 45133 | J678: 656880
B679: DIRECCIONES HIDRAULICAS EL BUFALO SAS | C679: 901353584 | D679: CR 51 D 71 86 | E679: Medellín | F679: SERVICIOS DE MANTENIMIENTO | G679: 001-FE-00005830-00 | H679: 44710 | I679: 45133 | J679: 1190000
B680: DUQUE OSPINA ANA LUZ | C680: 25170563 | D680: CR 15 12 43 | E680: Santa Rosa De Cabal | F680: OTROS GASTOS | G680: 001--00023081-00 | H680: 44797 | I680: 45133 | J680: 18000
B681: ECOCERT COLOMBIA LTDA | C681: 900024870 | D681: CL 61 3A 26 P 2 | E681: Bogotá, D.C. | F681: OTROS GASTOS | G681: 001-ECO-00001055-00 | H681: 44882 | I681: 45133 | J681: 6132691
B682: ELEMENTOS JAVI CIA LTDA | C682: 800084582 | D682: CR 50 A 58 36 BRR PRADO CENTRO | E682: Medellín | F682: SERVICIOS DE MANTENIMIENTO | G682: 001-FE-00002949-00 | H682: 44822 | I682: 45133 | J682: 1336524
B683: ELVIA ROSA RESTREPO MUÑOZ | C683: 32455369 | D683: CRA 73 28 24 | E683: Medellín | F683: GASTOS FINANCIEROS | G683: 001-1-00000000-00 | H683: 44889 | I683: 45133 | J683: 14458896
B684: ELVIA ROSA RESTREPO MUÑOZ | C684: 32455369 | D684: CRA 73 28 24 | E684: Medellín | F684: PARTICULARES | G684: 001-1-00000000-00 | H684: 44986 | I684: 45133 | J684: 350000000
B685: EMAX DE COLOMBIA S.A.S | C685: 900728346 | D685: CARRERA 51 #40-88 | E685: Medellín | F685: SERVICIOS DE MANTENIMIENTO | G685: 001-FE-00000984-00 | H685: 44320 | I685: 45133 | J685: 3000000
B686: EMAX DE COLOMBIA S.A.S | C686: 900728346 | D686: CARRERA 51 #40-88 | E686: Medellín | F686: SERVICIOS DE MANTENIMIENTO | G686: 001-FE-00001457-00 | H686: 44454 | I686: 45133 | J686: 1807035
B687: EMAX DE COLOMBIA S.A.S | C687: 900728346 | D687: CARRERA 51 #40-88 | E687: Medellín | F687: SERVICIOS DE MANTENIMIENTO | G687: 001-FE-00002296-00 | H687: 44687 | I687: 45133 | J687: 27660
B688: EMAX DE COLOMBIA S.A.S | C688: 900728346 | D688: CARRERA 51 #40-88 | E688: Medellín | F688: SERVICIOS DE MANTENIMIENTO | G688: 001-FE-00002834-00 | H688: 44832 | I688: 45133 | J688: 1548671
B689: EMAX DE COLOMBIA S.A.S | C689: 900728346 | D689: CARRERA 51 #40-88 | E689: Medellín | F689: SERVICIOS DE MANTENIMIENTO | G689: 001-FE-00002807-00 | H689: 44836 | I689: 45133 | J689: 2837395
... B759: GILARES S.A.S. | C759: 900786734 | D759: CR 42 50 69 AUT SUR | E759: Itagüí | F759: OTROS GASTOS | G759: 001--00001434-00 | H759: 43869 | I759: 45133 | J759: 46410
...

Sheet Derechos de voto
B2: AGROSILICIUM MEJISULFATOS S.A.S. en proceso de negociación de emergencia
B3: Nit: 890.926.985 - 3
B4: Con corte a 31 de octubre de 2024
B5: DERECHOS DE VOTO
B7: CATEGORIA A
B9: NOMBRE O RAZON SOCIAL | C9: IDENTIFICACION | D9: VINCULO | E9: FECHA DE VENCIMIENTO DE LA OBLIGACION | F9: FECHA DE CORTE DE LA OBLIGACION | G9: CAPITAL | H9: Valor capital vencido actualizado al ipc Dane | I9: DERECHOS DE VOTO | J9: % PARTICIPACION DERECHOS DE VOTO
B10: ACEVEDO CANO ANDRES EMILIO | C10: 71420447 | D10: Ninguno | E10: 44985 | F10: 45566 | G10: 2268639 | H10: 2496143.1 | I10: 2496143.1 | J10: 5.0450296e-05
B11: ALMEIDA RONDON JUAN PABLO | C11: 91183654 | D11: Ninguno | E11: 44985 | F11: 45566 | G11: 1325696 | H11: 1458639.7 | I11: 1458639.7 | J11: 2.9481004e-05
B12: ALVAREZ ARANGO JORGE ANDRES | C12: 70853588 | D12: Ninguno | E12: 44985 | F12: 45566 | G12: 2584617 | H12: 2843808.1 | I12: 2843808.1 | J12: 5.7477057e-05
B13: AMARILES ROLDAN EGIDIO DE JESUS | C13: 8010751 | D13: Ninguno | E13: 44985 | F13: 45566 | G13: 2260089 | H13: 2486735.7 | I13: 2486735.7 | J13: 5.026016e-05
B14: ARBOLEDA COLORADO YONY ARLEY | C14: 1015276497 | D14: Ninguno | E14: 44985 | F14: 45566 | G14: 1792330 | H14: 1972068.8 | I14: 1972068.8 | J14: 3.9858073e-05
B15: ARBOLEDA ZAPATA ROBIRIO DE JESUS | C15: 98528163 | D15: Ninguno | E15: 44985 | F15: 45566 | G15: 1748785 | H15: 1924157 | I15: 1924157 | J15: 3.8889714e-05
B16: ARIAS AGUDELO NORBEY | C16: 16055278 | D16: Ninguno | E16: 44895 | F16: 45566 | G16: 2516007 | H16: 2807402 | I16: 2807402 | J16: 5.5951299e-05
B17: ARIAS AGUDELO NORBEY | C17: 16055278 | D17: Ninguno | E17: 44926 | F17: 45566 | G17: 1126951 | H17: 1251440.5 | I17: 1251440.5 | J17: 2.5061286e-05
B18: ARIAS AGUDELO NORBEY | C18: 16055278 | D18: Ninguno | E18: 44972 | F18: 45566 | G18: 1340464 | H18: 1477896.4 | I18: 1477896.4 | J18: 2.9809417e-05
B19: ARIAS AGUDELO NORBEY | C19: 16055278 | D19: Ninguno | E19: 44985 | F19: 45566 | G19: 982914 | H19: 1081482.8 | I19: 1081482.8 | J19: 2.1858172e-05
B20: ARROYAVE SUAZA CARLOS MARIO | C20: 71141288 | D20: Ninguno | E20: 44985 | F20: 45566 | G20: 1391668 | H20: 1531227.5 | I20: 1531227.5 | J20: 3.0948098e-05
B21: AVELLANEDA JAIME YEFER ALEXANDER | C21: 11257388 | D21: Ninguno | E21: 44895 | F21: 45566 | G21: 4356850 | H21: 4861444.8 | I21: 4861444.8 | J21: 9.6888211e-05
... B105: ZAPATA ZAPATA CARLOS MARIO | C105: 3455865 | D105: Ninguno | E105: 44985 | F105: 45566 | G105: 1669778 | H105: 1837227 | I105: 1837227 | J105: 3.7132746e-05
B106: TOTAL CATEGORIA A | G106: =SUM(G10:G105) -> 343782956 | H106: =SUM(H10:H105) -> 3.8095207e+08 | I106: =SUM(I10:I105) -> 3.8095207e+08 | J106: =SUM(J10:J105) -> 0.0094450912
B108: CATEGORIA B
B110: NOMBRE O RAZON SOCIAL | C110: IDENTIFICACION | D110: VINCULO | E110: FECHA DE VENCIMIENTO DE LA OBLIGACION | F110: FECHA DE CORTE DE LA OBLIGACION | G110: CAPITAL | H110: Valor capital vencido actualizado al ipc Dane | I110: DERECHOS DE VOTO | J110: % PARTICIPACION DERECHOS DE VOTO
B111: Direccion de Impuestos y Aduanas Nacionales | C111: 800197384 | D111: Ninguno | E111: 44348 | F111: 45133 | G111: 13531000 | H111: 15364358 | I111: 15364358 | J111: 0.00030090418
B112: GOBERNACION DE ANTIOQUIA | D112: Ninguno | F112: 45133 | G112: 751000 | H112: 6601349.7 | I112: 6601349.7 | J112: 1.6700838e-05
B113: GOBERNACION DE ANTIOQUIA | D113: Ninguno | F113: 45133 | G113: 63350 | H113: 556851.53 | I113: 556851.53 | J113: 1.4087857e-06
B114: Municipio de Angelopolis | C114: 890981493 | D114: Ninguno | E114: 44762 | F114: 45133 | G114: 3295000 | H114: 3505997.4 | I114: 3505997.4 | J114: 7.3274649e-05
B115: Municipio de Angelopolis | C115: 890981493 | D115: Ninguno | E115: 44824 | F115: 45133 | G115: 2502000 | H115: 2635442.3 | I115: 2635442.3 | J115: 5.5639809e-05
B116: Municipio de Angelopolis | C116: 890981493 | D116: Ninguno | E116: 44885 | F116: 45133 | G116: 2369000 | H116: 2470406.2 | I116: 2470406.2 | J116: 5.2682138e-05
B117: Municipio de Angelopolis | C117: 890981493 | D117: Ninguno | E117: 44946 | F117: 45133 | G117: 3413000 | H117: 3523160.4 | I117: 3523160.4 | J117: 7.5898749e-05
B118: Municipio de Angelopolis | C118: 890981493 | D118: Ninguno | F118: 45133 | G118: 56797563 | H118: 4.9925509e+08 | I118: 4.9925509e+08 | J118: 0.0012630718
B119: TOTAL CATEGORIA B | G119: =SUM(G111:G118) -> 82721913 | H119: =SUM(H111:H118) -> 5.3391266e+08 | I119: =SUM(I111:I118) -> 5.3391266e+08 | J119: =SUM(J111:J118) -> 0.0018395809
B122: CATEGORIA C
B124: NOMBRE O RAZON SOCIAL | C124: IDENTIFICACION | E124: FECHA DE VENCIMIENTO DE LA OBLIGACION | F124: FECHA DE CORTE DE LA OBLIGACION | G124: CAPITAL | H124: Valor capital vencido actualizado al ipc Dane | I124: DERECHOS DE VOTO | J124: % PARTICIPACION DERECHOS DE VOTO
B125: BANCO DAVIVIENDA S.A. | C125: 860034313 | D125: Ninguno | E125: 44993 | F125: 45146 | G125: 6.4948508e+08 | H125: 6.6663682e+08 | I125: 6.6663682e+08 | J125: 0.014443336
B126: BANCO DAVIVIENDA S.A. | C126: 860034313 | D126: Ninguno | E126: 44993 | F126: 45146 | G126: 65160821 | H126: 66881602 | I126: 66881602 | J126: 0.001449055
B127: BANCO DE BOGOTA | C127: 860002964 | D127: Ninguno | E127: 44993 | F127: 45146 | G127: 1180810579 | H127: 1.2119937e+09 | I127: 1.2119937e+09 | J127: 0.026259023
B128: BANCO DE BOGOTA | C128: 860002964 | D128: Ninguno | E128: 44993 | F128: 45146 | G128: 119927777 | H128: 1.2309486e+08 | I128: 1.2309486e+08 | J128: 0.0026669699
B129: BANCOLOMBIA S.A. | C129: 890903938 | D129: Ninguno | E129: 44993 | F129: 45146 | G129: 4289119391 | H129: 4.4023874e+09 | I129: 4.4023874e+09 | J129: 0.095382008
B130: BANCOLOMBIA S.A. | C130: 890903938 | D130: Ninguno | E130: 44993 | F130: 45146 | G130: 3.4544395e+08 | H130: 3.545665e+08 | I130: 3.545665e+08 | J130: 0.0076820285
B131: ALIANZA FIDUCIARIA SA FIDEICOMISOS | C131: 830053812 | D131: Ninguno | E131: 45011 | F131: 45146 | G131: 180000000 | H131: 1.8419425e+08 | I131: 1.8419425e+08 | J131: 0.004002864
B132: ALIANZA FIDUCIARIA SA FIDEICOMISOS | C132: 830053812 | D132: Ninguno | E132: 45000 | F132: 45146 | G132: 7535774838 | H132: 7.7256764e+09 | I132: 7.7256764e+09 | J132: 0.16617156
B133: ALIANZA FIDUCIARIA SA FIDEICOMISOS | C133: 830053812 | D133: Ninguno | E133: 45014 | F133: 45146 | G133: 500000000 | H133: 5.1139178e+08 | I133: 5.1139178e+08 | J133: 0.011119067
B134: ALIANZA FIDUCIARIA SA FIDEICOMISOS | C134: 830053812 | D134: Ninguno | E134: 44953 | F134: 45146 | G134: 72000000 | H134: 74398488 | I134: 74398488 | J134: 0.0016011456
B135: ALIANZA FIDUCIARIA SA FIDEICOMISOS | C135: 830053812 | D135: Ninguno | E135: 45011 | F135: 45146 | G135: 75000000 | H135: 76747603 | I135: 76747603 | J135: 0.00166786
B136: ALIANZA FIDUCIARIA SA FIDEICOMISOS | C136: 830053812 | D136: Ninguno | E136: 45016 | F136: 45146 | G136: 95000000 | H136: 97131644 | I136: 97131644 | J136: 0.0021126227
... B232: ALIANZA FIDUCIARIA SA FIDEICOMISOS | C232: 830053812 | D232: Ninguno | E232: 44993 | F232: 45146 | G232: 16558555 | H232: 16995837 | I232: 16995837 | J232: 0.00036823136
B233: TOTAL CATEGORIA C | G233: =SUM(G125:G232) -> 2.8056195e+10 | H233: =SUM(H125:H232) -> 2.8702458e+10 | I233: =SUM(I125:I232) -> 2.8702458e+10 | J233: =SUM(J125:J232) -> 0.62250741
B235: CATEGORIA D
B237: NOMBRE O RAZON SOCIAL | C237: IDENTIFICACION | D237: VINCULO | E237: FECHA DE VENCIMIENTO DE LA OBLIGACION | F237: FECHA DE CORTE DE LA OBLIGACION | G237: CAPITAL | H237: Valor capital vencido actualizado al ipc Dane | I237: DERECHOS DE VOTO | J237: % PARTICIPACION DERECHOS DE VOTO
B238: FIDEICOMISO VALORAR FUTURO | C238: 830053812 | D238: Acreedores Internos | E238: - | F238: - | G238: 1 | H238: 1 | I238: 1 | J238: 2.2238133e-11
B239: FONDO DE CAPITAL PRIVADO VALORAR FUTURO | C239: 900409702 | D239: Acreedores Internos | E239: - | F239: - | G239: 1 | H239: 1 | I239: 1 | J239: 2.2238133e-11
B240: Jorge Enrique Arango Vélez | C240: 4323636 | D240: Acreedores Internos | E240: - | F240: - | G240: 1 | H240: 1 | I240: 1 | J240: 2.2238133e-11
B241: Néstor de Jesús Hincapié Vargas | C241: 8255095 | D241: Acreedores Internos | E241: - | F241: - | G241: 1 | H241: 1 | I241: 1 | J241: 2.2238133e-11
B242: Diego Humberto Quijano Reisner | C242: 16615708 | D242: Acreedores Internos | E242: - | F242: - | G242: 1 | H242: 1 | I242: 1 | J242: 2.2238133e-11
B243: Jaime Salazar Ramírez | C243: 19125799 | D243: Acreedores Internos | E243: - | F243: - | G243: 1 | H243: 1 | I243: 1 | J243: 2.2238133e-11
B244: Maria Victoria Arango de Vallejo | C244: 20326110 | D244: Acreedores Internos | E244: - | F244: - | G244: 1 | H244: 1 | I244: 1 | J244: 2.2238133e-11
B245: Blanca Nelida Londoño Ramírez | C245: 29033860 | D245: Acreedores Internos | E245: - | F245: - | G245: 1 | H245: 1 | I245: 1 | J245: 2.2238133e-11
B246: Juan Fernando Fernández Restrepo | C246: 71772698 | D246: Acreedores Internos | E246: - | F246: - | G246: 1 | H246: 1 | I246: 1 | J246: 2.2238133e-11
B247: Eutimio Contreras Martín | C247: 79288601 | D247: Acreedores Internos | E247: - | F247: - | G247: 1 | H247: 1 | I247: 1 | J247: 2.2238133e-11
B248: INVERSIONES COMERCIO Y COSTRUCCIONES S.A. INCOCON S.A. | C248: 800081446 | D248: Acreedores Internos | E248: - | F248: - | G248: 1 | H248: 1 | I248: 1 | J248: 2.2238133e-11
B249: GOMEZ VALLEJO S.A.S. | C249: 800209605 | D249: Acreedores Internos | E249: - | F249: - | G249: 1 | H249: 1 | I249: 1 | J249: 2.2238133e-11
B250: TRAMONTANA S.A.S | C250: 805025188 | D250: Acreedores Internos | E250: - | F250: - | G250: 1 | H250: 1 | I250: 1 | J250: 2.2238133e-11
B251: L ISAZA S.A.S. | C251: 811002854 | D251: Acreedores Internos | E251: - | F251: - | G251: 1 | H251: 1 | I251: 1 | J251: 2.2238133e-11
... B267: Laura Santamaría Parra | C267: 1152436077 | D267: Acreedores Internos | E267: - | F267: - | G267: 1 | H267: 1 | I267: 1 | J267: 2.2238133e-11
B268: TOTAL CATEGORIA D | G268: 0 | H268: 0 | I268: =SUM(I238:I267) -> 30 | J268: =SUM(J238:J267) -> 6.67144e-10
B271: CATEGORIA E
B273: NOMBRE O RAZON SOCIAL | C273: IDENTIFICACION | D273: VINCULO | E273: FECHA DE VENCIMIENTO DE LA OBLIGACION | F273: FECHA DE CORTE DE LA OBLIGACION | G273: CAPITAL | H273: Valor capital vencido actualizado al ipc Dane | I273: DERECHOS DE VOTO | J273: % PARTICIPACION DERECHOS DE VOTO
B274: 3E INVESTMENTS S.A.S | C274: 900703637 | D274: Ninguno | E274: 43831 | F274: 45146 | G274: 35828863 | H274: 43961033 | I274: 43961033 | J274: 0.00079676703
B275: A Y T ARENAS Y TRITURADOS S.A.S | C275: 901023744 | D275: Ninguno | E275: 44872 | F275: 45146 | G275: 2923150 | H275: 3061395 | I275: 3061395 | J275: 6.5005399e-05
B276: A Y T ARENAS Y TRITURADOS S.A.S | C276: 901023744 | D276: Ninguno | E276: 44872 | F276: 45146 | G276: 66052000 | H276: 69175807 | I276: 69175807 | J276: 0.0014688732
B277: A Y T ARENAS Y TRITURADOS S.A.S | C277: 901023744 | D277: Ninguno | E277: 44910 | F277: 45146 | G277: 13175120 | H277: 13711799 | I277: 13711799 | J277: 0.00029299007
B278: A Y T ARENAS Y TRITURADOS S.A.S | C278: 901023744 | D278: Ninguno | E278: 44910 | F278: 45146 | G278: 15072400 | H278: 15686363 | I278: 15686363 | J278: 0.00033518204
B279: A Y T ARENAS Y TRITURADOS S.A.S | C279: 901023744 | D279: Ninguno | E279: 44973 | F279: 45146 | G279: 3038808.5 | H279: 3129548.1 | I279: 3129548.1 | J279: 6.7577428e-05
B280: ABOGACIA S.A.S | C280: 901019327 | D280: Ninguno | E280: 44995 | F280: 45146 | G280: 5257500 | H280: 5394526.3 | I280: 5394526.3 | J280: 0.00011691699
B281: ACCION CAUCA S.A.S | C281: 805022756 | D281: Ninguno | E281: 44850 | F281: 45146 | G281: 860407 | H281: 904365.55 | I281: 904365.55 | J281: 1.9133845e-05
B282: ACCION CAUCA S.A.S | C282: 805022756 | D282: Ninguno | E282: 44866 | F282: 45146 | G282: 860407 | H282: 901989.41 | I282: 901989.41 | J282: 1.9133845e-05
B283: ACCION CAUCA S.A.S | C283: 805022756 | D283: Ninguno | E283: 44895 | F283: 45146 | G283: 887256.65 | H283: 925695.53 | I283: 925695.53 | J283: 1.9730932e-05
B284: ACCION CAUCA S.A.S | C284: 805022756 | D284: Ninguno | E284: 44909 | F284: 45146 | G284: 1159552.4 | H284: 1206986 | I284: 1206986 | J284: 2.578628e-05
B285: ACCION CAUCA S.A.S | C285: 805022756 | D285: Ninguno | E285: 44923 | F285: 45146 | G285: 860407 | H285: 893524.42 | I285: 893524.42 | J285: 1.9133845e-05
... B660: GILARES S.A.S. | C660: 900786734 | D660: Ninguno | E660: 43869 | F660: 45146 | G660: 46410 | H660: 56639.4 | I660: 56639.4 | J660: 1.0320718e-06
B661: GOBERNACION DE ANTIOQUIA | D661: Ninguno | F661: 45146 | G661: 474000 | H661: 4167561.2 | I661: 4167561.2 | J661: 1.0540875e-05
B662: GOMEZ ROJAS ENRIQUE NEVARDO | C662: 17078127 | D662: Ninguno | E662: 43496 | F662: 45146 | G662: 1500000 | H662: 1927191.8 | I662: 1927191.8 | J662: 3.33572e-05
B663: GOMEZ ROJAS ENRIQUE NEVARDO | C663: 17078127 | D663: Ninguno | E663: 43524 | F663: 45146 | G663: 1500000 | H663: 1919942.5 | I663: 1919942.5 | J663: 3.33572e-05
B664: GOMEZ ROJAS ENRIQUE NEVARDO | C664: 17078127 | D664: Ninguno | E664: 43524 | F664: 45146 | G664: 1500000 | H664: 1919942.5 | I664: 1919942.5 | J664: 3.33572e-05
B665: GOMEZ ROJAS ENRIQUE NEVARDO | C665: 17078127 | D665: Ninguno | E665: 43528 | F665: 45146 | G665: 1500000 | H665: 1918906.8 | I665: 1918906.8 | J665: 3.33572e-05
B666: GOMEZ ROJAS ENRIQUE NEVARDO | C666: 17078127 | D666: Ninguno | E666: 43528 | F666: 45146 | G666: 1500000 | H666: 1918906.8 | I666: 1918906.8 | J666: 3.33572e-05
B667: GOMEZ ROJAS ENRIQUE NEVARDO | C667: 17078127 | D667: Ninguno | E667: 43155 | F667: 45146 | G667: 4581769.3 | H667: 6156303.7 | I667: 6156303.7 | J667: 0.00010189
B668: GOMEZ ROJAS ENRIQUE NEVARDO | C668: 17078127 | D668: Ninguno | E668: 43482 | F668: 45146 | G668: 3491003 | H668: 4493657.3 | I668: 4493657.3 | J668: 7.763339e-05
B669: GONZALEZ LOPEZ ALVARO | C669: 70107352 | D669: Ninguno | E669: 43064 | F669: 45146 | G669: 1500000 | H669: 2039038.4 | I669: 2039038.4 | J669: 3.33572e-05
B670: GONZALEZ LOPEZ ALVARO | C670: 70107352 | D670: Ninguno | E670: 43155 | F670: 45146 | G670: 1500000 | H670: 2015478.1 | I670: 2015478.1 | J670: 3.33572e-05
B671: GONZALEZ LOPEZ ALVARO | C671: 70107352 | D671: Ninguno | E671: 43178 | F671: 45146 | G671: 1500000 | H671: 2009523.3 | I671: 2009523.3 | J671: 3.33572e-05
B672: GONZALEZ LOPEZ ALVARO | C672: 70107352 | D672: Ninguno | E672: 43222 | F672: 45146 | G672: 1500000 | H672: 1998131.5 | I672: 1998131.5 | J672: 3.33572e-05
B673: GONZALEZ LOPEZ ALVARO | C673: 70107352 | D673: Ninguno | E673: 43249 | F673: 45146 | G673: 1500000 | H673: 1991141.1 | I673: 1991141.1 | J673: 3.33572e-05
... B954: NEXUS LOGISTICS SAS | C954: 830127962 | D954: Ninguno | E954: 44955 | F954: 45146 | G954: 39561548 | H954: 40865778 | I954: 40865778 | J954: 0.00087977498
B955: NEXUS LOGISTICS SAS | C955: 830127962 | D955: Ninguno | E955: 44955 | F955: 45146 | G955: 78472539 | H955: 81059553 | I955: 81059553 | J955: =0.17450827768352%+0.167% -> 0.0034150828
B956: NEXUS LOGISTICS SAS | C956: 830127962 | D956: Ninguno | E956: 44955 | F956: 45146 | G956: 38474284 | H956: 39742670 | I956: 39742670 | J956: 0.00085559625
B957: NEXUS LOGISTICS SAS | C957: 830127962 | D957: Ninguno | E957: 44956 | F957: 45146 | G957: 30273737 | H957: 31266550 | I957: 31266550 | J957: 0.0006732314
B958: NEXUS LOGISTICS SAS | C958: 830127962 | D958: Ninguno | E958: 44956 | F958: 45146 | G958: 1418950 | H958: 1465483.8 | I958: 1465483.8 | J958: 3.1554799e-05
B959: NEXUS LOGISTICS SAS | C959: 830127962 | D959: Ninguno | E959: 44956 | F959: 45146 | G959: 4355625 | H959: 4498465.6 | I959: 4498465.6 | J959: 9.6860969e-05
B960: NEXUS LOGISTICS SAS | C960: 830127962 | D960: Ninguno | E960: 44976 | F960: 45146 | G960: 7341568 | H960: 7556987.7 | I960: 7556987.7 | J960: 0.00016326277
...

Sheet Hoja1
A4: PRIMERA CLASE | B4: Saldo Inicial | C4: Pagos efectuados | D4: Nuevo saldo
A5: LABORAL | B5: 710346676 | C5: =+B5-D5 -> 366563720 | D5: =+'Calif y Grad de Crédito'!J107 -> 343782956
A6: FISCALES | B6: 82721913 | C6: =+B6-D6 -> 0 | D6: =+'Calif y Grad de Crédito'!J118 -> 82721913
A7: TOTAL PRIMERA CLASE | B7: =SUM(B5:B6) -> 793068589 | C7: =+B7-D7 -> 366563720 | D7: =SUM(D5:D6) -> 426504869
A8: SEGUNDA CLASE | B8: 28220244640 | C8: =+B8-D8+20 -> 0.052280426 | D8: =+'Calif y Grad de Crédito'!J265 -> 2.8220245e+10
A9: CUARTA CLASE | B9: 2645543444 | C9: =+B9-D9 -> -0.36000013 | D9: =+'Calif y Grad de Crédito'!J405 -> 2.6455434e+09
A10: QUINTA CLASE | B10: 13675510268 | C10: =+B10-D10-0.5 -> 3.8146973e-06 | D10: =+'Calif y Grad de Crédito'!J1375 -> 1.367551e+10
A11: TOTAL GRADUACION DE CREDITOS | B11: =B7+B8+B9+B10 -> 45334366941 | C11: =+B11-D11 -> 3.665637e+08 | D11: =SUM(D7:D10) -> 4.4967803e+10
